[Event "Pan-American Youth Championships 2024"]
[Site "Chess.com"]
[Date "2024.07.16"]
[Round "02"]
[White "Palathingal, Rafael"]
[Black "Schaefer, Sasha Milo"]
[Result "1/2-1/2"]
[WhiteElo "1843"]
[BlackElo "1760"]
[TimeControl "5400+30"]
[WhiteUrl ""]
[WhiteCountry ""]
[WhiteTitle ""]
[BlackUrl ""]
[BlackCountry ""]
[BlackTitle ""]

1. d4 d5 2. c4 e6 3. Nc3 Nf6 4. Nf3 a6 5. cxd5 {[%clk 1:29:02] This is the main line
of the Janowski variation in the Queen's Gambit Declined.} 5... exd5 6. Bg5 Be6 {[%clk 1:33:15] This is part of
black's plan in the Janowski Variation.} 7. e3 Nbd7 8. Be2?! {[%clk 1:26:41][%c_effect
e2;square;e2;type;Inaccuracy;persistent;true] This move is slightly dubious, but
I didn't know that at the time, so I played it.} 8... Bd6 9.
O-O c6 10. e4 {[%clk 1:22:35] I spent 4
minutes on this bad move because I thought I was opening the position, but the
game ended in a draw 13 moves later because of my IQ} 10... dxe4 11. Nxe4 Be7 12. Nc3 O-O 13. Qc2 Nb6 14. Rad1 Nfd5 15. Nxd5 Nxd5 16. Bxe7 Qxe7 17. a3 Bg4 18. Rfe1 Bxf3 19. Bxf3 Qd6 20. Qb3 b5 21. Bxd5 cxd5 22. Re5 Rfd8 23. g3 1/2-1/2

[Event "Pan-American Youth Championships 2024"]
[Site "Chess.com"]
[Date "2024.07.18"]
[Round "06"]
[White "Palathingal, Rafael"]
[Black "Mulay, Vivan Prakash"]
[Result "1/2-1/2"]
[WhiteElo "1843"]
[BlackElo "1777"]
[TimeControl "5400+30"]

1. d4 d5 2. c4 c6 3. Nf3 Nf6 4. Nc3 e6 5. cxd5 exd5 6. Bg5 Nbd7 7. e3 Be7 8. Be2 h6 9. Bh4 O-O 10. O-O Re8 11. Qc2 Nf8 12. Rab1 Ng6 13. Bg3 a5 14. a4 Bd6 15. Bxd6 Qxd6 16. Bd3 Bg4 17. Bxg6 fxg6 18. Qxg6 Bxf3 19. gxf3 Re6 20. Qg3 Qe7 21. Kh1 Rf8 22. Rg1 Qf7 23. Qh3 Nh7 24. f4 Rg6 25. Rxg6 Qxg6 26. Rg1 Qc2 27. Qg4 Rf7 28. Qe2 Qf5 29. Qg4 Qc2 30. Qe2 Qf5 31. Qg4 Qc2 1/2-1/2

[Event "Pan-American Youth Championships 2024"]
[Site "Chess.com"]
[Date "2024.07.19"]
[Round "07"]
[White "Palathingal, Rafael"]
[Black "Jasinski, Alexander"]
[Result "1-0"]
[WhiteElo "1843"]
[BlackElo "2021"]
[TimeControl "5400+30"]
[WhiteUrl ""]
[WhiteCountry ""]
[WhiteTitle ""]
[BlackUrl ""]
[BlackCountry ""]
[BlackTitle ""]

1. d4 Nf6 2. Nf3 g6 3. c4 Bg7 {[%clk 1:31:26] This is the KID
(King's Indian Defense).} 4. Nc3 O-O 5.
e4 d6 6. Be2 e5 7. d5 a5 8. O-O Ne8?! {[%clk 1:26:47][%c_effect
e8;square;e8;type;Inaccuracy;persistent;true] This is not a theoretical line, so
I had to figure out what to do move by move which wasn't that hard.} 9. Bg5 Qd7?! {[%clk 1:14:03][%c_effect
d7;square;d7;type;Inaccuracy;persistent;true] This dubious move allows a very
cool pawn sacrifice.} (9... f6 {This is the best move and here I would go} 10.
Be3 f5 11. Bg5 Qd7 12. exf5 gxf5 13. Nd2 {Now I will go f4 and give black a
protected passed pawn in return for better development.}) 10. c5! {[%clk
1:21:40][%c_effect c5;square;c5;type;GreatFind;persistent;true] The top move of
the engine with a +0.67 advantage and this is why.} 10... dxc5 11. Bb5 Qd6 (11... c6! {[%c_effect
c6;square;c6;type;GreatFind;persistent;true] This move is the best move for two
reasons. First, it forces a queen trade if white wants to keep his advantage.
Second, it's pressurizing the important pawn on d5 making it easier to attack.
Here is the line that I had seen during the game.} 12. dxc6 bxc6 13. Qxd7 Bxd7
14. Bd3 {and white is bound to win one of black's pawns.} 14... Nc7 15. Be7 Re8
16. Bxc5 {[%c_highlight
c5;keyPressed;none;opacity;0.8;square;c5;persistent;false] With a very small
advantage.}) 12. Nd2 f6 13. Be3 Bd7? {[%clk 0:24:55][%c_effect
d7;square;d7;type;Mistake;persistent;true] See how quickly the evaluation
changes, 3 moves ago the evaluation was +0.40 and now it is +1.12 so the
evaluation has increased by 0.72 which shows how hard it is for even a 2000
player to play this position.} 14. Qb3! {[%clk 1:08:20][%c_effect
b3;square;b3;type;GreatFind;persistent;true] I'm bringing the queen and
constantly making threats (The threat as of now is Bxd7.) which gives the
opponent almost no time to consolidate  and win the game with his extra pawn.}
14... Bxb5 15. Nxb5 Qd7?! {[%clk
0:20:46][%c_effect d7;square;d7;type;Inaccuracy;persistent;true] Critical
moment! Find the top computer move (I found the 2nd best move and got only a
+0.57 advantage, but if I found the top computer move, I would have a +1.62
advantage.} 16. Bxc5 (16. a4 {The pawn on c5 isn't that
important anyway.} 16... Na6 17. f4 b6 18. Nc4 exf4 19. Bxf4 Qf7 20. Rad1 Rd8
21. Bg5 {[%cal dg5f6][%c_arrow
g5f6;keyPressed;none;from;g5;opacity;0.8;to;f6;persistent;false][%c_highlight
f6;keyPressed;none;opacity;0.8;square;f6;persistent;false,e4;keyPressed;none;opacity;0.8;square;e4;persistent;false,d5;keyPressed;none;opacity;0.8;square;d5;persistent;false,c4;keyPressed;none;opacity;0.8;square;c4;persistent;false,b5;keyPressed;none;opacity;0.8;square;b5;persistent;false]
With a dominating position.}) 16... Nd6 (16... a4 17. Qc4 Nd6
18. Nxd6 cxd6 19. Be3 Na6 {[%c_highlight
a6;keyPressed;none;opacity;0.8;square;a6;persistent;false] Black can probably
survive this position because white's advantage is only +0.58.}) 17. Nxd6 cxd6 18. Be3 b5 19. Rac1 Na6 20. Rc6 Nb4 {[%clk 0:12:54] Critical Moment! Find the top two computer
moves which give an advantage of +2.64 and 2.35. (I found the fifth computer
move which gave me only a +1.50 advantage.)} 21. Rcc1?! {[%clk
0:59:24][%c_effect c1;square;c1;type;Inaccuracy;persistent;true] Now the
evaluation is +1.51} (21. a3 {This is the top move.} 21... Nxc6 22. dxc6+ Qf7
23. Qxb5 {[%c_highlight
b5;keyPressed;none;opacity;0.8;square;b5;persistent;false,c6;keyPressed;none;opacity;0.8;square;c6;persistent;false,g4;keyPressed;none;opacity;0.8;square;g4;persistent;false][%cal
dg5g4][%c_arrow g5g4;keyPressed;none;from;g5;opacity;0.8;to;g4;persistent;false]
White is much better due to the passed c6 pawn and the extra space for his
pieces.} 23... f5 24. Nc4) (21. Rfc1 {This is the second best move. Also an
exchange sacrifice!} 21... Rfb8 (21... Nxc6 22. dxc6+ Qf7 23. Qxb5 f5 24. Nc4 f4
25. Bb6 {White has a huge advantage of +3.63 here.}) 22. a3 Na6 23. Bb6 Bh6 24.
R1c2 f5 25. exf5 Qxf5 26. Nf1 a4 27. Qxb5 Nc5 28. Qc4 Qd3 29. Rxd6 Qxc4 30. Rxc4
Nd3 31. Rdc6 {[%c_highlight
c6;keyPressed;none;opacity;0.8;square;c6;persistent;false] +2.97}) 21... Na6?!
{[%clk 0:12:47][%c_effect a6;square;a6;type;Inaccuracy;persistent;true] For some
reason he thinks I will take a draw in this position that is obviously better
for me.} 22. a3 Rfc8 (22... a4 {This is
obviously the best move because now white can't attack the b5 pawn and black
takes some space.} 23. Qd3 Rfc8 {White is slightly better, but not enough to
convert.}) 23. Rc6 a4? {[%clk 0:11:16][%c_effect
a4;square;a4;type;Mistake;persistent;true] This is obviously bad.} (23... Rcb8
{and black still has a chance to survive.}) 24. Qxb5 Rcb8 25. Qc4 Nc5 26. Bxc5 dxc5 27. Qxc5 Rxb2 28. Nc4 Bf8 29.
Qe3? {[%clk 0:44:26][%c_effect e3;square;e3;type;Mistake;persistent;true] Better
was} (29. d6 {I totally forgot I could play this crushing move.}) 29... Rb3 30. Qe2 Bxa3 31. Nb6 Rxb6 32. Rxb6 Bc5 33. Rc6 Bd4 34. Ra6 Rb8 35. Qc4 Qg4 36. d6+ Kh8 37. Qc7 Bxf2+ 38. Kh1! {[%clk 0:41:13][%c_effect
h1;square;h1;type;GreatFind;persistent;true] This is the only move to win the
game.} (38. Rxf2? {[%c_effect f2;square;f2;type;Mistake;persistent;true] Be
careful, you just blundered perpetual.} 38... Rb1+ 39. Rf1 Rxf1+ 40. Kxf1 Qd1+
41. Kf2 Qd2+ 42. Kf3 Qd3+ 43. Kf2 Qd2+ 44. Kg3 Qe3+ 45. Kh4 Qg5+ 46. Kh3 Qe3+
47. g3 Qh6+ 48. Kg2 Qd2+ 49. Kf1 Qd1+ 50. Kf2 Qd2+ 51. Kf1 Qd1+ 52. Kf2 Qd2+
{1/2-1/2}) 38... Rc8 39. d7! {[%clk 0:41:00][%c_effect
d7;square;d7;type;GreatFind;persistent;true] This is a very stylish approach to
winning the game.} 39... Rxc7 40. d8=Q+ Kg7 41. Qxc7+ Kh6 42.
Qc1+ g5 43. Rxf2 a3 44. Raxf6+ Kh5 45.
h3 Qxg2+ 46. Kxg2 a2 47. Qd1+ g4 48.
Qxg4# {[%clk 0:42:56][%c_effect
g2;square;g2;type;Winner,h5;square;h5;type;CheckmateBlack] This was a nice win
against the top seed in my section.} 1-0

[Event "Pan-American Youth Championships 2024"]
[Site "Chess.com"]
[Date "2024.07.19"]
[Round "08"]
[White "Jani, Aakash"]
[Black "Palathingal, Rafael"]
[Result "1/2-1/2"]
[WhiteElo "1873"]
[BlackElo "1843"]
[TimeControl "5400+30"]

1. e4 e5 2. Nf3 Nc6 3. Nc3 Nf6 4. a3 Bc5 5. Nxe5 Nxe5 6. d4 Bd6 7. f4 Nc6 8. e5 Qe7 9. Be2 O-O 10. O-O Nxd4 11. exd6 Nxe2+ 12. Nxe2 cxd6 13. Nc3 d5 14. Nxd5 Qc5+ 15. Ne3 d5 16. c3 Bg4 17. Qd4 Qxd4 18. cxd4 Be2 19. Re1 1/2-1/2

[Event "Pan-American Youth Championships 2024"]
[Site "Chess.com"]
[Date "2024.07.20"]
[Round "09"]
[White "Palathingal, Rafael"]
[Black "Debmisra, Ariv"]
[Result "1-0"]
[WhiteElo "1843"]
[BlackElo "1828"]
[TimeControl "5400+30"]

1. d4 Nf6 2. c4 e6 3. Nf3 Bb4+ 4. Bd2 Qe7 5. g3 O-O 6. Bg2 Nc6 7. O-O Bxd2 8. Nbxd2 d6 9. e4 e5 10. d5 Nb8 11. Qc2 a5 12. b3 Na6 13. a3 Bd7 14. Rab1 Nh5 15. Qd1 g6 16. b4 axb4 17. axb4 f5 18. Qc2 b6 19. Rfc1 f4 20. Nf1 g5 21. h3 fxg3 22. fxg3 Qf6 23. Qc3 Qg6 24. c5 Bb5 25. Kh2 g4 26. Nh4 Qg5 27. cxd6 gxh3 28. Bxh3 cxd6 29. Be6+ Kh8 30. Nf5 Ng7 31. Qd2 Qh5+ 32. Kg2 Nxf5 33. exf5 Rxf5 34. Bxf5 Qxf5 35. Qf2 Bd3 36. Qxf5 Bxf5 37. Rb2 Rc8 38. Rc6 Rxc6 39. dxc6 Be4+ 40. Kf2 Nc7 41. Ra2 Nb5 42. Ra8+ Kg7 43. c7 1-0